[Event "Team 45 45 League T80"]
[Site "Internet Chess Club"]
[Date "2019.04.04"]
[Round "2"]
[White "cpic2363"]
[Black "Egmont"]
[Result "1-0"]
[WhiteElo "1548"]
[BlackElo "1558"]
[Opening "French: Tarrasch"]
[ECO "C03"]
[Time "08:04:00"]
[TimeControl "2700+45"]

1. e4 e6 2. d4 d5 3. Nd2 Be7 4. Bd3 c5 5. dxc5 Bxc5 6. Ngf3 Nf6 7. O-O Nc6 8. e5
Nd7 9. Nb3 Bb6 10. Re1 Nc5 11. Nxc5 Bxc5 12. Be3 Be7 13. c3 O-O 14. Qc2 h6 15.
Qd2 g5 16. Bc2 Kg7 17. h4 Rh8 18. hxg5 hxg5 19. Bxg5 Bxg5 20. Nxg5 Rh5 21. f4
Bd7 22. Qe2 Qb6+ 23. Qe3 Qxb2 24. Qg3 Rg8 25. Qg4 Qb6+ 26. Kf1 Rh1+ 27. Ke2 Nd4+
28. cxd4 Qb5+ 29. Kf3 Rxe1 30. Rxe1 {Black resigns} 1-0

[Event "Team 45 45 League T80"]
[Site "Internet Chess Club"]
[Date "2019.04.05"]
[Round "2"]
[White "Visin"]
[Black "Chess4Him"]
[Result "1-0"]
[WhiteElo "1162"]
[BlackElo "1510"]
[Opening "Robatsch defense: two knights variation"]
[ECO "B06"]
[Time "14:30:21"]
[TimeControl "2700+45"]

1. e4 g6 2. d4 Bg7 3. Nf3 d6 4. Nc3 a6 5. Be3 b5 6. a3 Nd7 7. h3 e6 8. Bd3 Ne7
9. Qd2 h6 10. O-O Bb7 11. Rab1 Nb6 12. Nh2 d5 13. e5 Nc4 14. Bxc4 dxc4 15. Ne2
Qd5 16. f3 Nf5 17. Bf2 Bxe5 18. Rfd1 Rd8 19. Nf1 Nxd4 20. Nxd4 Bg7 21. Ne2 O-O
22. Qxd5 exd5 23. c3 Rfe8 24. Re1 a5 25. Bd4 Bf8 26. Neg3 c5 27. Bf2 Bd6 28.
Rxe8+ Rxe8 29. Re1 Re6 30. Nd2 d4 31. cxd4 cxd4 32. Rxe6 fxe6 33. Nge4 Bf4 34.
Bxd4 e5 35. Bc3 Be3+ 36. Kf1 Bd4 37. g3 Kf8 38. f4 Bxc3 39. bxc3 exf4 40. gxf4
Ke7 41. Ke2 Bc6 42. Ke3 Ke6 43. Kd4 Kf5 44. Ke3 g5 45. fxg5 hxg5 46. Ng3+ Kg6
47. Kd4 Bd7 48. Nde4 Bxh3 49. Nd6 Bd7 50. Kc5 b4 51. cxb4 axb4 52. Kxb4 c3 53.
Kxc3 g4 54. Kd4 Kg5 55. Ke3 Kh4 56. Kf4 Kh3 57. Nde4 Kg2 58. Nc5 Bc8 59. a4 Kh3
60. a5 Kg2 61. Nce4 Kh2 62. Nd6 Be6 63. a6 Bd5 64. Kxg4 Kg2 65. a7 Bf3+ 66. Kf4
Ba8 67. Nge4 Kf1 68. Ne8 Ke2 69. Nc7 Bb7 70. Nc5 Bc6 71. Ke5 Kd2 72. Kd6 Bg2 73.
Nd5 {Black resigns} 1-0

[Event "Team 45 45 League T80"]
[Site "Internet Chess Club"]
[Date "2019.04.07"]
[Round "2"]
[White "BrerRabbit"]
[Black "oldmanpatzer"]
[Result "0-1"]
[WhiteElo "1398"]
[BlackElo "1225"]
[Opening "Queen's pawn"]
[ECO "A40"]
[Time "19:01:28"]
[TimeControl "2700+45"]

1. d4 e6 2. Bf4 d5 3. e3 Bd6 4. Bg3 Bxg3 5. hxg3 Nf6 6. Nd2 Nc6 7. Ngf3 Bd7 8.
c3 Qe7 9. Bd3 O-O-O 10. Qc2 h6 11. O-O-O Ng4 12. Nf1 f5 13. N1h2 Nxh2 14. Rxh2
Kb8 15. Ne5 Nxe5 16. dxe5 g5 17. f4 g4 18. Rdh1 Qg7 19. Kb1 Rh7 20. Rc1 h5 21.
Rch1 Rdh8 22. Rh4 c5 23. c4 Bc6 24. Rxh5 Rxh5 {White resigns} 0-1

[Event "Team 45 45 League T80"]
[Site "Internet Chess Club"]
[Date "2019.04.06"]
[Round "2"]
[White "Conjurer"]
[Black "pagliaci"]
[Result "1/2-1/2"]
[WhiteElo "1211"]
[BlackElo "1254"]
[Opening "Queen's pawn: London system"]
[ECO "A45"]
[Time "12:03:05"]
[TimeControl "2700+45"]

1. d4 Nf6 2. Bf4 d5 3. e3 c5 4. c3 Nc6 5. Nf3 cxd4 6. cxd4 Qb6 7. b3 Ne4 8. Nbd2
Bg4 9. Qc2 Bxf3 10. Nxf3 e6 11. a3 Be7 12. Bd3 f5 13. O-O O-O 14. b4 Rac8 15.
Qb2 Na5 16. Ne5 Rfd8 17. Rac1 Nc6 18. f3 Nd6 19. g4 Nxe5 20. Bxe5 Nc4 21. Bxc4
dxc4 22. gxf5 exf5 23. Qg2 g6 24. e4 Qe6 25. exf5 Qxf5 26. f4 a5 27. Qxb7 Qd7
28. Qxd7 Rxd7 29. Rb1 Rb7 30. d5 axb4 31. d6 Bf8 32. axb4 Kf7 33. Rfd1 Ke6 34.
Kf2 Rd7 35. b5 Bxd6 36. b6 Rb8 37. Ke2 c3 38. Bxc3 Bxf4 39. Rxd7 Kxd7 40. Rf1
Rf8 41. h3 Kc6 42. Bb4 Bd6 43. Bxd6 Rxf1 44. Kxf1 {Game drawn by mutual
agreement} 1/2-1/2

[Event "Team 45 45 League T80"]
[Site "Internet Chess Club"]
[Date "2019.04.07"]
[Round "2"]
[White "Just-Jim"]
[Black "guyd52"]
[Result "0-1"]
[WhiteElo "1356"]
[BlackElo "1220"]
[Opening "Pirc: classical, h3 system"]
[ECO "A04"]
[Time "09:00:33"]
[TimeControl "2700+45"]

1. Nf3 g6 2. d4 Bg7 3. Nc3 d6 4. h3 Nf6 5. e4 Nbd7 6. e5 dxe5 7. dxe5 Ng8 8. Bf4
e6 9. Bg5 Ne7 10. Bc4 O-O 11. O-O Qe8 12. Nb5 Qd8 13. Re1 c6 14. Nd6 b5 15. Bb3
Nc5 16. Nd4 Nxb3 17. axb3 Bxe5 18. Nxc6 Qxd6 19. Bxe7 Qxd1 20. Raxd1 Re8 21.
Rxe5 Bb7 22. Rc5 Bxc6 23. Rxc6 Rxe7 24. Rcd6 h5 25. R1d4 Kg7 26. c4 b4 27. c5 a5
28. c6 Rc7 29. Kh2 Ra6 30. Rc4 Kf6 31. f4 Ke7 32. Rd7+ Rxd7 33. c7 Rxc7 34.
Rxc7+ Kf6 35. g4 hxg4 36. hxg4 Rd6 37. g5+ Kg7 38. Ra7 Rd2+ 39. Kg3 Rxb2 40.
Rxa5 Rxb3+ 41. Kg4 Rb1 42. Rb5 b3 43. Kf3 b2 44. Ke2 Kg8 45. Kd2 Kg7 46. Kc2 Rf1
47. Rb4 b1=Q+ 48. Rxb1 Rxb1 49. Kxb1 f6 50. Kc2 fxg5 51. fxg5 Kf7 52. Kd3 e5 53.
Ke4 Ke6 54. Kf3 Kf5 55. Ke3 Kxg5 56. Ke4 Kf6 57. Ke3 Kf5 58. Kf3 g5 59. Kg3 e4
60. Kf2 Kf4 61. Ke2 g4 62. Kf2 e3+ 63. Ke2 g3 64. Kf1 Kf3 65. Kg1 e2 66. Kh1
e1=Q# {White checkmated} 0-1

[Event "Team 45 45 League T80"]
[Site "Internet Chess Club"]
[Date "2019.04.09"]
[Round "2"]
[White "clarinetref"]
[Black "noblitz-oblige"]
[Result "1/2-1/2"]
[WhiteElo "1442"]
[BlackElo "1504"]
[Opening "Réti opening"]
[ECO "A09"]
[Time "11:34:00"]
[TimeControl "2700+45"]

1. Nf3 d5 2. c4 Nf6 3. g3 Nc6 4. d4 e6 5. cxd5 exd5 6. a3 h6 7. Bg2 Be7 8. O-O
O-O 9. Nc3 Re8 10. Re1 Bf8 11. Bf4 a6 12. Rc1 Be6 13. Ne5 Nxe5 14. dxe5 Nh5 15.
Nxd5 c6 16. e4 Nxf4 17. Nxf4 Qb6 18. Nxe6 Rxe6 19. b4 Rxe5 20. Qc2 a5 21. Qb2
Ree8 22. Rb1 axb4 23. axb4 Ra4 24. b5 Rb4 25. Qe2 Rxb5 26. Rxb5 Qxb5 27. Qxb5
cxb5 28. e5 b6 29. Bc6 Re6 30. Bxb5 Bc5 31. Bc4 Re7 32. Kg2 Kf8 33. f4 f6 34.
Kf3 fxe5 35. Rxe5 Rxe5 36. fxe5 Ke7 37. Ke4 Bg1 38. h3 Bf2 39. g4 Bg3 40. Kf5
Bh2 41. Ke4 Bg3 42. Kf5 Bh2 {Game drawn by mutual agreement} 1/2-1/2

[Event "Team 45 45 League T80"]
[Site "Internet Chess Club"]
[Date "2019.04.07"]
[Round "2"]
[White "OGO"]
[Black "XGG123"]
[Result "0-1"]
[WhiteElo "1247"]
[BlackElo "1458"]
[Opening "King's Indian: East Indian defense"]
[ECO "A48"]
[Time "13:00:54"]
[TimeControl "2700+45"]

1. d4 Nf6 2. Nf3 g6 3. Nc3 d5 4. Bg5 Bg7 5. e3 O-O 6. Be2 Bg4 7. O-O Nbd7 8. h3
Bxf3 9. Bxf3 c6 10. Bh4 e5 11. dxe5 Nxe5 12. Re1 Qb6 13. b3 Nxf3+ 14. Qxf3 Nd7
15. Na4 Qb4 16. Bg3 Bxa1 17. Rxa1 Rae8 18. c3 Qe7 19. Qf4 b5 20. Nb2 Ne5 21. Rd1
a5 22. c4 bxc4 23. bxc4 Qb4 24. Nd3 Nxd3 25. Rxd3 Qb1+ 26. Kh2 Qxd3 {White
resigns} 0-1

[Event "Team 45 45 League T80"]
[Site "Internet Chess Club"]
[Date "2019.04.06"]
[Round "2"]
[White "sdcohle"]
[Black "kingsrook"]
[Result "1-0"]
[WhiteElo "1377"]
[BlackElo "1156"]
[Opening "Queen's pawn game"]
[ECO "D00"]
[Time "13:03:55"]
[TimeControl "2700+45"]

1. d4 d5 2. f4 Nf6 3. e3 Bg4 4. Nf3 e6 5. Bd3 Bf5 6. O-O Bxd3 7. Qxd3 c5 8. c3
Nbd7 9. Nbd2 Bd6 10. Ne5 Qb6 11. Ndf3 O-O 12. b3 a5 13. Nxd7 Nxd7 14. Ne5 Nf6
15. c4 Rad8 16. Ba3 cxd4 17. Bxd6 Rxd6 18. exd4 Rdd8 19. c5 Qa7 20. Qb5 Rc8 21.
Rac1 Rfd8 22. Rf2 Qa6 23. Qxa6 bxa6 24. Rfc2 h6 25. c6 Rc7 26. Rc5 a4 27. bxa4
Ne4 28. R5c2 Rdc8 29. a5 Rb8 30. a4 Rb4 31. Ra1 f6 32. Nf3 Nd6 33. Rc5 {Black
forfeits on time} 1-0

[Event "Team 45 45 League T80"]
[Site "Internet Chess Club"]
[Date "2019.04.05"]
[Round "2"]
[White "mongmong"]
[Black "Tjet"]
[Result "1-0"]
[WhiteElo "1494"]
[BlackElo "1422"]
[Opening "King's Indian: Smyslov system"]
[ECO "E61"]
[Time "18:01:11"]
[TimeControl "2700+45"]

1. d4 Nf6 2. Nf3 g6 3. c4 Bg7 4. Nc3 d6 5. Bg5 O-O 6. e3 c5 7. d5 e6 8. Nd2 e5
9. Bd3 a6 10. O-O Nbd7 11. Nce4 Qc7 12. Rb1 Nxe4 13. Nxe4 f5 14. Nd2 e4 15. Bc2
b5 16. b4 cxb4 17. Rxb4 Rb8 18. cxb5 Rxb5 19. Rxb5 axb5 20. Bb3 Nc5 21. Qc2 Qb6
22. Rc1 Rf7 23. Qd1 Rc7 24. Bd8 Qb7 25. Bxc7 Qxc7 26. Nb1 Qa5 27. Qe1 Qxe1+ 28.
Rxe1 Nxb3 29. axb3 b4 30. Rc1 Bb7 31. Rc4 Bxd5 32. Rxb4 h5 33. Nd2 Bc3 34. Rb8+
Kg7 35. Nc4 Bxc4 36. bxc4 Be5 37. Rb5 Kf6 38. h3 g5 39. Kf1 g4 40. Rd5 Ke6 41.
hxg4 hxg4 42. f3 exf3 43. gxf3 gxf3 44. Kf2 Bh2 45. Kxf3 Be5 46. Ra5 Bh2 47. Ra6
Be5 48. Kg2 Ke7 49. Kh3 Bf6 50. Kg3 Be5+ 51. Kh4 Bf6+ 52. Kh5 Be5 53. Kg6 f4 54.
e4 f3 55. Kf5 f2 56. Ra7+ Ke8 57. Ke6 Kf8 58. Rf7+ Ke8 59. Rxf2 Bg3 60. Ra2
{Black resigns} 1-0

[Event "Team 45 45 League T80"]
[Site "Internet Chess Club"]
[Date "2019.04.08"]
[Round "2"]
[White "rkjulianjr"]
[Black "smsxman"]
[Result "0-1"]
[WhiteElo "1300"]
[BlackElo "1372"]
[Opening "Benoni: 6.e4"]
[ECO "A65"]
[Time "11:12:54"]
[TimeControl "2700+45"]

1. d4 e6 2. c4 c5 3. d5 exd5 4. cxd5 d6 5. e4 Nf6 6. Nc3 Be7 7. Bb5+ Bd7 8.
Bxd7+ Nfxd7 9. Nf3 O-O 10. O-O Bf6 11. Nb5 Ne5 12. Nxe5 Bxe5 13. f4 Bf6 14. Nxd6
Bd4+ 15. Kh1 Qxd6 16. Rf3 Qb6 17. Rb1 Nd7 18. Rh3 Nf6 19. Qf3 Rad8 20. e5 Nxd5
21. Qe4 Qg6 22. f5 Qc6 23. f6 g6 24. Qh4 h5 25. Qg5 Nxf6 26. Bf4 Bxb2 27. Re1
Bd4 28. e6 Ne4 29. Rxe4 Qxe4 30. exf7+ Kxf7 31. Rf3 Qe1+ {White resigns} 0-1

[Event "Team 45 45 League T80"]
[Site "Internet Chess Club"]
[Date "2019.04.07"]
[Round "2"]
[White "dabodhi"]
[Black "CMAlge"]
[Result "0-1"]
[WhiteElo "1265"]
[BlackElo "1333"]
[Opening "Scotch gambit: Dubois-Réti defense"]
[ECO "C55"]
[Time "15:00:49"]
[TimeControl "2700+45"]

1. e4 e5 2. Nf3 Nc6 3. Bc4 Nf6 4. d4 exd4 5. e5 Ng4 6. Qe2 Qe7 7. Bf4 f6 8. exf6
gxf6 9. O-O d5 10. Qxe7+ Bxe7 11. Bxd5 Bd6 12. Bxd6 cxd6 13. Re1+ Nge5 14. Bxc6+
bxc6 15. Nxd4 Kf7 16. h3 Rg8 17. Kf1 c5 18. Ne2 Nf3 19. Rd1 Nh2+ 20. Ke1 Rxg2
21. Nd2 Bxh3 22. a4 Re8 {White resigns} 0-1

[Event "Team 45 45 League T80"]
[Site "Internet Chess Club"]
[Date "2019.04.06"]
[Round "2"]
[White "seattleblues"]
[Black "stantheman59"]
[Result "0-1"]
[WhiteElo "1218"]
[BlackElo "1246"]
[Opening "QGD: 4.Nf3"]
[ECO "D37"]
[Time "20:07:14"]
[TimeControl "2700+45"]

1. d4 Nf6 2. Nf3 d5 3. c4 e6 4. Nc3 b6 5. Bf4 Bb7 6. e3 Nbd7 7. h3 Be7 8. Bd3 c5
9. cxd5 exd5 10. dxc5 bxc5 11. O-O O-O 12. Rc1 c4 13. Be2 Nc5 14. Qc2 Ne6 15.
Rcd1 Nxf4 16. Rd4 Nxe2+ 17. Qxe2 Bc5 18. Rd2 Re8 19. Rfd1 Rc8 20. Ne5 {White
resigns} 0-1

[Event "Team 45 45 League T80"]
[Site "Internet Chess Club"]
[Date "2019.04.04"]
[Round "2"]
[White "joaoazm"]
[Black "Gojira"]
[Result "1-0"]
[WhiteElo "1691"]
[BlackElo "1595"]
[Opening "Queen's pawn game"]
[ECO "D02"]
[Time "19:32:23"]
[TimeControl "2700+45"]

1. d4 d5 2. Nf3 Bf5 3. c4 c6 4. Qb3 Qb6 5. Qxb6 axb6 6. cxd5 Bxb1 7. Rxb1 Rxa2
8. e4 Nf6 9. Bf4 Ra8 10. dxc6 bxc6 11. Bxb8 Rxb8 12. d5 cxd5 13. Bb5+ Kd8 14.
Ne5 Rg8 15. Rc1 e6 16. Nxf7+ Ke7 17. Rc7+ Nd7 18. Rxd7+ Kf6 19. e5+ Kg6 20. g4
Bb4+ 21. Ke2 {Black resigns} 1-0

[Event "Team 45 45 League T80"]
[Site "Internet Chess Club"]
[Date "2019.04.08"]
[Round "2"]
[White "Bizzy-Ketty"]
[Black "WillC"]
[Result "0-1"]
[WhiteElo "1552"]
[BlackElo "1676"]
[Opening "Caro-Kann: exchange variation"]
[ECO "B13"]
[Time "18:31:19"]
[TimeControl "2700+45"]

1. e4 c6 2. d4 d5 3. exd5 Qxd5 4. Nc3 Qa5 5. Bd3 Nf6 6. h3 e5 7. Qe2 Bd6 8. Nf3
O-O 9. O-O exd4 10. Nxd4 Re8 11. Qf3 Qe5 12. Bf4 Qxf4 13. Qxf4 Bxf4 14. Rad1 Be5
15. Nce2 Nbd7 16. c3 Nc5 17. Bc2 Be6 18. b3 Rad8 19. Rfe1 Bc7 20. Rd3 Nxd3 21.
Bxd3 a6 22. Rd1 c5 23. Nxe6 Rxe6 24. Kf1 b5 25. c4 Ba5 26. Nf4 Red6 27. Ke2 g5
28. Nd5 Nxd5 29. cxd5 Rxd5 {White resigns} 0-1

[Event "Team 45 45 League T80"]
[Site "Internet Chess Club"]
[Date "2019.04.06"]
[Round "2"]
[White "CMAlge"]
[Black "Electryon"]
[Result "1-0"]
[WhiteElo "1319"]
[BlackElo "1439"]
[Opening "Scandinavian (center counter) defense"]
[ECO "B01"]
[Time "15:04:27"]
[TimeControl "2700+45"]

1. e4 d5 2. exd5 Qxd5 3. Nc3 Qd8 4. d4 c6 5. a3 Bf5 6. Bc4 e6 7. Nge2 Nf6 8. O-O
Be7 9. Ng3 Bg6 10. Re1 O-O 11. Nce4 Nbd7 12. c3 c5 13. Bf4 cxd4 14. Qxd4 Nb6 15.
Rad1 Rc8 16. Ba2 Qxd4 17. Rxd4 Nbd5 18. Bd6 b6 19. Bxd5 Bxd6 20. Nxf6+ gxf6 21.
Bxe6 Bxg3 22. Bxc8 Be5 23. Rc4 Bd3 24. Rg4+ Kh8 25. Bd7 Rd8 26. Bc6 Bf5 27. Rh4
Rd2 28. Be4 Bxe4 29. Rhxe4 Rxb2 30. g3 Rb3 31. f4 Bxc3 32. Re8+ Kg7 33. Rd1 Rxa3
34. Rd5 Ra1+ 35. Kg2 Re1 36. Rb8 Bb4 37. Rd7 Re7 38. Rd4 Bc5 39. Rc4 a5 40. f5
Ra7 41. Rg4+ Kh6 42. Rbg8 Kh5 43. Rh4# {Black checkmated} 1-0

[Event "Team 45 45 League T80"]
[Site "Internet Chess Club"]
[Date "2019.04.04"]
[Round "2"]
[White "tryanything"]
[Black "Conjurer"]
[Result "1-0"]
[WhiteElo "1507"]
[BlackElo "1209"]
[Opening "French: Two knights variation"]
[ECO "C00"]
[Time "19:03:52"]
[TimeControl "2700+45"]

1. e4 e6 2. Nf3 d5 3. Nc3 Nf6 4. e5 Nfd7 5. d4 c5 6. Bg5 Be7 7. Bxe7 Qxe7 8. Nb5
Nb6 9. Nd6+ Kd7 10. dxc5 Na4 11. Bb5+ Nc6 12. Bxa4 b6 13. Nd4 Bb7 {Black
resigns} 1-0

[Event "Team 45 45 League T80"]
[Site "Internet Chess Club"]
[Date "2019.04.04"]
[Round "2"]
[White "misuc56"]
[Black "kidviper"]
[Result "0-1"]
[WhiteElo "1559"]
[BlackElo "1830"]
[Opening "Queen's pawn game"]
[ECO "E00"]
[Time "16:04:25"]
[TimeControl "2700+45"]

1. d4 Nf6 2. c4 e6 3. e3 Bb4+ 4. Bd2 a5 5. Nc3 O-O 6. f4 Bxc3 7. Bxc3 Ne4 8. Nf3
b6 9. Bd3 f5 10. O-O Ba6 11. Nd2 d5 12. Bxe4 fxe4 13. b3 Nd7 14. Bb2 Qh4 15. Qe1
Qh6 16. Rf2 Nf6 17. h3 Rf7 18. Ba3 Qg6 19. g4 Nd7 20. Rg2 c5 21. Rc1 cxd4 22.
exd4 Rxf4 23. Re2 Qf6 24. Bb2 Rf8 25. Qg3 Nb8 26. Ree1 Nc6 27. Qe3 Nb4 28. Ra1
Nc2 29. Qc3 Nxa1 30. Rxa1 Qh4 31. Qe3 Rf2 32. Ba3 R8f3 33. Nxf3 Qg3+ {White
resigns} 0-1

[Event "Team 45 45 League T80"]
[Site "Internet Chess Club"]
[Date "2019.04.04"]
[Round "2"]
[White "KidRattler"]
[Black "Covenanteer"]
[Result "0-1"]
[WhiteElo "1607"]
[BlackElo "1569"]
[Opening "Sicilian: Smith-Morra gambit"]
[ECO "B21"]
[Time "16:45:27"]
[TimeControl "2700+45"]

1. e4 c5 2. d4 cxd4 3. c3 Nc6 4. Nf3 d5 5. exd5 Qxd5 6. Nxd4 e5 7. Nxc6 Qxd1+ 8.
Kxd1 bxc6 9. Bd3 Bb7 10. Kc2 O-O-O 11. Be3 c5 12. f3 Ne7 13. Bxc5 Kb8 14. Bxe7
Bxe7 15. Nd2 g6 16. Be4 Ba6 17. Rad1 f5 18. Bc6 Rd6 19. Ba4 Bd3+ 20. Kc1 Bg5 21.
Rhe1 e4 22. Bc2 e3 23. Nb3 e2+ 24. Rd2 Bc4 25. Nd4 Rhd8 26. Bd3 Bxd3 27. g3 Be3
28. f4 Rxd4 29. cxd4 Rxd4 30. b3 Bb5 31. Kb2 Rxd2+ 32. Ka3 Rd1 33. Rxe2 Bxe2 34.
g4 Bxf4 35. gxf5 gxf5 36. Ka4 Bd2 37. h4 Bc1 38. h5 Rd2 39. h6 Rxa2+ 40. Kb4 Rc2
41. Ka5 Bd2+ 42. Ka4 Ra2# {White checkmated} 0-1

[Event "Team 45 45 League T80"]
[Site "Internet Chess Club"]
[Date "2019.04.08"]
[Round "2"]
[White "liujf"]
[Black "BJJ"]
[Result "1-0"]
[WhiteElo "1594"]
[BlackElo "1414"]
[Opening "Scandinavian (center counter) defense"]
[ECO "B01"]
[Time "18:38:02"]
[TimeControl "2700+45"]

1. e4 d5 2. exd5 Qxd5 3. Nc3 Qa5 4. d4 c6 5. Nf3 Nf6 6. Bc4 e6 7. O-O Bd6 8. Re1
O-O 9. Bg5 Nbd7 10. Qe2 Qc7 11. h3 Re8 12. a3 h6 13. Bd2 Nf8 14. Ne4 Be7 15.
Rad1 Ng6 16. Nh2 Nxe4 17. Qxe4 Bd7 18. Nf3 Rad8 19. Bc3 Bd6 20. Nh4 Nxh4 21.
Qxh4 Be7 22. Qg4 Bf6 23. Bd2 e5 24. Qg3 g5 25. h4 Be6 26. Bxe6 fxe6 27. dxe5 Bg7
28. hxg5 h5 29. g6 Rd4 30. Qg5 h4 31. Kh2 Red8 32. Ba5 Qxa5 33. Rc1 Qd2 34. Qe7
Qf4+ 35. Kg1 Re8 36. Qxe8+ Bf8 37. Qxe6+ Kg7 38. Qf7+ Qxf7 39. gxf7 Kxf7 40.
Rcd1 Rg4 41. Kf1 Ke6 42. f3 Rg5 43. Rd4 Rh5 44. Rg4 Be7 45. Rg6+ Kf7 46. Rg4 Ke6
47. Kf2 Bc5+ 48. Kf1 Bb6 49. Ree4 Bd8 50. Rg6+ Kf5 51. Rd6 Bg5 52. b3 Bf4 53.
Rf6+ Kg5 54. Rexf4 Rh7 55. R4f5# {Black checkmated} 1-0

[Event "Team 45 45 League T80"]
[Site "Internet Chess Club"]
[Date "2019.04.06"]
[Round "2"]
[White "KidBoa"]
[Black "Tjet"]
[Result "1-0"]
[WhiteElo "1298"]
[BlackElo "1400"]
[Opening "Sicilian: Smith-Morra gambit"]
[ECO "B21"]
[Time "16:12:53"]
[TimeControl "2700+45"]

1. e4 c5 2. d4 cxd4 3. c3 d6 4. cxd4 g6 5. Bc4 Bg7 6. Nf3 Nf6 7. Nc3 O-O 8. O-O
a6 9. Qe2 b5 10. Bb3 Bb7 11. Rd1 b4 12. e5 bxc3 13. exf6 Bxf6 14. bxc3 Nd7 15.
Bf4 Nb6 16. Rab1 Qc7 17. Rbc1 Rfe8 18. Ng5 Bxg5 19. Bxg5 Kg7 20. h4 e6 21. Rd3
Nd5 22. Rh3 f6 23. Bd2 e5 24. h5 g5 25. h6+ Kh8 26. c4 Nf4 27. Bxf4 exf4 28. Qd3
Be4 29. Qc3 Bf5 30. Rf3 d5 31. cxd5 Qxc3 32. Rfxc3 Rad8 33. Rc6 Rc8 34. Rxc8
Rxc8 35. Rxc8+ Bxc8 36. d6 Bd7 37. Kf1 f5 38. Ke2 g4 39. f3 g3 40. Kd2 a5 41.
Bf7 a4 42. d5 a3 43. Be6 Bc6 44. d7 Bxd7 45. Bxd7 Kg8 46. Bxf5 Kf7 47. Bxh7 Ke7
48. Be4 Kf6 49. h7 Kg7 50. d6 Kf8 51. h8=Q+ Kf7 52. Qh7+ Kf8 53. Qe7+ Kg8 54. d7
Kh8 55. Qh7# {Black checkmated} 1-0

[Event "Team 45 45 League T80"]
[Site "Internet Chess Club"]
[Date "2019.04.07"]
[Round "2"]
[White "Dwilkes"]
[Black "Toalla"]
[Result "1-0"]
[WhiteElo "1017"]
[BlackElo "1235"]
[Opening "Queen's pawn: London system"]
[ECO "A45"]
[Time "10:04:32"]
[TimeControl "2700+45"]

1. d4 Nf6 2. Bf4 g6 3. e3 Bg7 4. Nf3 d6 5. Bd3 O-O 6. c3 Nbd7 7. Nbd2 b6 8. O-O
Bb7 9. h3 e5 10. dxe5 dxe5 11. Bg5 Qe8 12. e4 Nc5 13. Bxf6 Bxf6 14. Bc2 Ba6 15.
Re1 Rd8 16. b4 Nd3 17. Re3 Bg7 18. c4 Nxb4 19. Ba4 c6 20. Qb3 Bh6 21. Re2 Qe7
22. a3 Rd3 23. Qxb4 Qxb4 24. axb4 b5 25. cxb5 cxb5 26. Bc2 Rd6 27. Nxe5 Bxd2 28.
Rxd2 Rxd2 29. Bb3 Bb7 30. Bxf7+ Kg7 31. Rxa7 Rb8 32. Bd5 Kh6 33. Bxb7 Rf8 34.
Ng4+ Kh5 35. Bc6 Rb2 36. Rxh7+ Kg5 37. e5 Rxb4 38. e6 Rb1+ 39. Kh2 Re1 40. e7
Rb8 41. e8=Q Rexe8 42. Bxe8 Rxe8 43. Rb7 {Black resigns} 1-0

[Event "Team 45 45 League T80"]
[Site "Internet Chess Club"]
[Date "2019.04.08"]
[Round "2"]
[White "olivermx"]
[Black "oldbookseller"]
[Result "1-0"]
[WhiteElo "1250"]
[BlackElo "1102"]
[Opening "Sicilian defense"]
[ECO "B30"]
[Time "18:21:59"]
[TimeControl "2700+45"]

1. e4 c5 2. Nf3 Nc6 3. c3 d6 4. Bb5 Bd7 5. O-O Nf6 6. Re1 g6 7. h3 Bg7 8. d4
cxd4 9. cxd4 O-O 10. Nbd2 Qa5 11. Ba4 e5 12. Bxc6 Bxc6 13. d5 Bb5 14. Nb1 Qb6
15. Bd2 Nd7 16. a4 Nc5 17. axb5 Nd3 18. Rf1 Nxb2 19. Qb3 Bf6 20. Qxb2 Rac8 21.
Be3 Qc7 22. Rc1 Qd8 23. Nbd2 b6 24. Rxc8 Qxc8 25. Rc1 Qd8 26. Qa3 Bh4 27. Nxh4
f5 28. exf5 Qxh4 29. Nf3 Qe4 30. fxg6 Qxg6 31. Qxa7 e4 32. Ng5 Qf5 33. Ne6 Rf6
34. Rc8+ {Black resigns} 1-0

[Event "Team 45 45 League T80"]
[Site "Internet Chess Club"]
[Date "2019.04.06"]
[Round "2"]
[White "tasawyer81"]
[Black "g8wrb"]
[Result "0-1"]
[WhiteElo "1203"]
[BlackElo "1440"]
[Opening "Nimzo-Indian: classical variation"]
[ECO "E32"]
[Time "09:03:00"]
[TimeControl "2700+45"]

1. d4 e6 2. c4 Nf6 3. Nc3 Bb4 4. Qc2 O-O 5. Nf3 b6 6. e4 d5 7. Bd3 dxe4 8. Bxe4
Bxc3+ 9. bxc3 Nxe4 10. Qxe4 c6 11. O-O Bb7 12. Qd3 Nd7 13. Ng5 g6 14. Qh3 Nf6
15. Bf4 Nh5 16. Nxe6 fxe6 17. Qxe6+ Rf7 18. Bh6 Qe7 19. Qxe7 Rxe7 20. Bg5 Re2
21. Rfe1 Rae8 22. Be3 Rxe1+ 23. Rxe1 Nf4 24. g3 Nd3 25. Rd1 Nb2 26. Rb1 Na4 27.
Rb3 Ba6 28. c5 Bc4 29. Rb4 b5 30. Kg2 Nxc3 31. Rb2 Nd1 {White resigns} 0-1

[Event "Team 45 45 League T80"]
[Site "Internet Chess Club"]
[Date "2019.04.07"]
[Round "2"]
[White "rgadoury"]
[Black "ticktockman"]
[Result "0-1"]
[WhiteElo "1334"]
[BlackElo "1130"]
[Opening "Queen's pawn game, Darooha variation "]
[ECO "D02"]
[Time "21:09:58"]
[TimeControl "2700+45"]

1. d4 d5 2. Nf3 Nf6 3. g3 g6 4. Bg2 Bg7 5. Nc3 O-O 6. O-O e6 7. Re1 a6 8. a4 Nc6
9. Ne5 Bd7 10. Nxd7 Nxd7 11. e3 Re8 12. Ne2 Nf6 13. c3 b6 14. e4 dxe4 15. Bg5
Qd5 16. Bxf6 Bxf6 17. Nf4 Qd8 18. Bxe4 Qd6 19. b4 Rad8 20. Bxc6 Qxc6 21. Ne2 e5
22. Qb3 exd4 23. cxd4 Bxd4 24. Nxd4 Rxe1+ 25. Rxe1 Rxd4 26. Re7 Qc1+ 27. Kg2
Qc6+ 28. Kf1 Qc4+ 29. Qxc4 Rxc4 30. f4 c5 31. Rc7 Rxb4 {White resigns} 0-1

[Event "Team 45 45 League T80"]
[Site "Internet Chess Club"]
[Date "2019.04.03"]
[Round "2"]
[White "grekor"]
[Black "SeniorCitizen"]
[Result "0-1"]
[WhiteElo "1135"]
[BlackElo "1304"]
[Opening "French: exchange variation"]
[ECO "C01"]
[Time "14:00:44"]
[TimeControl "2700+45"]

1. e4 e6 2. d4 d5 3. exd5 exd5 4. Nf3 Nf6 5. Bd3 Be7 6. O-O O-O 7. Bf4 Bg4 8. h3
Bh5 9. Re1 Nbd7 10. Qe2 Re8 11. Nc3 Bd6 12. Qd2 Bxf3 13. Rxe8+ Qxe8 14. gxf3 Qf8
15. Bxd6 Qxd6 16. Nb5 Qb6 17. Qg5 a6 18. Nc3 Qxb2 19. Rb1 Qxc3 20. Qf5 Qc6 21.
Rc1 b5 22. c4 bxc4 23. Bc2 Qe6 24. Qxe6 fxe6 25. Ba4 Rb8 26. Bxd7 Nxd7 27. Re1
Kf7 28. f4 Rb2 29. a4 Rd2 30. f3 c3 31. Rb1 c2 32. Rc1 Rd1+ 33. Rxd1 cxd1=Q+
{White resigns} 0-1